 Dungeon Crawl Stone Soup version 0.30-a0-847-g17996783a1 (webtiles) character file.

Game seed: 11862785608185482918

94 AAltmann the Trooper (level 4, 0/40 HPs)
             Began as a Hill Orc Fighter on Mar 4, 2023.
             Succumbed to an adder's poison
             ... on level 3 of the Dungeon.
             The game lasted 00:13:58 (1579 turns).

AAltmann the Trooper (Hill Orc Fighter)             Turns: 1579, Time: 00:13:59

Health: 0/40       AC:  5    Str: 20    XL:     4   Next: 63%
Magic:  4/4        EV: 10    Int:  8    God:
Gold:   109        SH:  4    Dex: 10    Spells: 3/3 levels left

rFire   . . .      SeeInvis .    a - +0 war axe
rCold   . . .      Faith    .    c - +0 buckler
rNeg    . . .      Spirit   .    i - +0 ring mail
rPois   .          Reflect  .    (no helmet)
rElec   .          Rampage  .    (no cloak)
rCorr   .                        (no gloves)
Will    .....                    (no boots) Stlth
                                 (no amulet)
HPRegen 0.26/turn                (no ring)
MPRegen 0.09/turn                (no ring)

@: lethally poisoned (0 -> -7)
A: no striking features
a: no special abilities


You were on level 3 of the Dungeon.
You visited 1 branch of the dungeon, and saw 3 of its levels.

You collected 109 gold pieces.

Inventory:

Hand Weapons
 a - a +0 war axe (weapon)
 d - a +0 sling
Armour
 b - a +0 scale mail
 c - a +0 buckler (worn)
 i - a +0 ring mail (worn)
 o - a +0 pair of boots
 q - a +0 robe
Jewellery
 f - an amulet of faith
Scrolls
 e - 2 scrolls of identify {unknown}
 k - a scroll of noise {unknown}
 m - a scroll of teleportation {unknown}
 n - a scroll of blinking {unknown}
Potions
 g - a potion of brilliance {unknown}
 h - a potion of lignification {unknown}
 j - a potion of attraction {unknown}
 l - 2 potions of berserk rage {unknown}
 p - a potion of mutation {unknown}
 r - a potion of degeneration {unknown}


   Skills:
 + Level 4.2 Fighting
 + Level 4.1 Axes
 + Level 3.9 Armour
 + Level 0.2 Dodging
 + Level 4.0 Shields


You had 3 spell levels left.
You didn't know any spells.
Your spell library contained the following spells:

 Spells                   Type           Power      Damage    Failure   Level
 Frozen Ramparts          Ice            0%         1d1       95%         3
 Ice Form                 Ice/Tmut       0%         N/A       100%        4
 Summon Ice Beast         Ice/Summ       0%         N/A       100%        4


Dungeon Overview and Level Annotations

Branches:
Dungeon (3/15)

Altars:
Trog


Message History

You are more poisoned.
The adder poisons you! The adder barely misses you.
You closely miss the adder.
You feel very sick. The adder closely misses you.
You slash the adder!
The adder is almost dead.
You feel sick. The adder closely misses you.
The adder bites you but does no damage.
You miss the adder.
The adder is almost dead.
You feel sick. The adder barely misses you.
You closely miss the adder.
The adder is almost dead.
You feel sick. The adder bites you.
* * * LOW HITPOINT WARNING * * *
You are more poisoned.
The adder poisons you! The adder bites you but does no damage.
You miss the adder.
The adder is almost dead.
You feel sick. The adder bites you but does no damage.
The adder barely misses you.
You closely miss the adder.
The adder is almost dead.
You feel sick. The adder bites you.
* * * LOW HITPOINT WARNING * * *
You are more poisoned.
The adder poisons you! The adder bites you but does no damage.
You closely miss the adder.
The adder is almost dead.
You feel sick. The adder bites you but does no damage.
You barely miss the adder.
The adder is almost dead.
You feel sick. The adder bites you.
* * * LOW HITPOINT WARNING * * *
You are more poisoned.
The adder poisons you! The adder completely misses you.
You slash the adder!
You kill the adder!
You die...

#..(.....# #......
####..##.#########......
###..###........##......
#......########..#......
#.####.## ##........ #..
#..### #####..#.## ...#
####...##...# #......
#######..........!.........
#........@.......###......
..####..###.$#...# #.#####
#.## ..# #.# #.# #. ..# #
..# #. _.# #. ... #. #...
#. ..#


There were no monsters in sight!

Vanquished Creatures
  A gnoll (D:1)
  4 adders
  2 worms
  An orc (D:3)
  A ball python (D:3)
  5 bats
  2 endoplasms (D:1)
  2 giant cockroaches
  7 goblins
  3 hobgoblins
  7 jackals (D:1)
  2 quokkas (D:1)
  3 frilled lizards (D:1)
  8 kobolds
  2 rats
50 creatures vanquished.

Notes
Turn   | Place    | Note
-------+----------+-------------------------------------------
     0 | D:1      | AAltmann the Hill Orc Fighter began the quest for the Orb.
     0 | D:1      | Reached XP level 1. HP: 19/19 MP: 1/1
   535 | D:1      | Reached XP level 2. HP: 15/27 MP: 2/2
   670 | D:1      | Reached XP level 3. HP: 32/33 MP: 3/3
  1207 | D:2      | Reached XP level 4. HP: 24/40 MP: 4/4
  1552 | D:3      | Found a bloodstained altar of Trog.
  1579 | D:3      | Succumbed to an adder's poison

Illustrated notes

Levels and vault maps discovered:
D:1:      spicycebolla_green_bress_n_ham_2, layout_basic
D:2:      layout_rooms, basic_altar
D:3:      layout_rooms, trog_three_pillars_becter, okawaru_metal_pillars_1_2,
          nicolae_ashenzari_panopticon,
          dreamdust_ecumenical_altar_angels_and_demons, minmay_fractal_squares_5

Skill      XL: |  1  2  3  4 |
---------------+-------------+-----
Axes           | 3 4 |  4.1
Fighting       | 4 |  4.2
Shields        | 4 |  4.0
Armour         | |  3.9
Dodging        | |  0.2

Action                     |  1- 3 |  4- 6 || total
---------------------------+-------+-------++-------
  Melee: War axe           |    97 |    54 ||   151
    Use: Potion            |     1 |     1 ||     2
 Armour: Scale mail        |    30 |       ||    30
         Ring mail         |    48 |    20 ||    68
  Dodge: Dodged            |    73 |    45 ||   118
  Block: Buckler           |    38 |     9 ||    47

Table legend: (Time is in decaauts)
 A = Elapsed time spent in this place.
 B = Non-inter-level travel time spent in this place.
 C = Inter-level travel time spent in this place.
 D = Time resting spent in this place.
 E = Time spent auto-exploring this place.
 F = Levels seen in this place.
 G = Mean time per level.
                   A        B        C        D        E       F      G
               +--------+--------+--------+--------+--------+-----+--------+
         Total |   1644 |   1635 |      9 |      0 |      0 |   3 |  548.0 |
       Dungeon |   1644 |   1635 |      9 |      0 |      0 |   3 |  548.0 |
               +--------+--------+--------+--------+--------+-----+--------+

Top non-repeatable levels by time:
     D:1: 1191 daAuts
     D:2: 251 daAuts
     D:3: 201 daAuts
